 Dungeon Crawl Stone Soup version 0.20.1-1-g8b1a95d (webtiles) character file.

42 letownia2 the Grave Robber (level 3, -5/28 HPs)
             Began as a Deep Dwarf Necromancer on Nov 26, 2017.
             Killed from afar by an orc wizard (7 damage)
             ... with a puff of flame
             ... on level 4 of the Dungeon.
             The game lasted 00:04:01 (1186 turns).

letownia2 the Grave Robber (Deep Dwarf Necromancer) Turns: 1186, Time: 00:04:01

Health: -5/28      AC:  3    Str: 11    XL:     3   Next: 35%
Magic:  0/6        EV: 12    Int: 16    God:
Gold:   19         SH:  0    Dex: 13    Spells: 2/6 levels left

rFire    . . .     SeeInvis .   j - +0 blowgun
rCold    . . .     Gourm    .   (no shield)
rNeg     . . .     Faith    .   l - +0 leather armour
rPois    .         Spirit   .   (no helmet)
rElec    .         Reflect  .   (no cloak)
rCorr    .         Harm     .   (no gloves)
MR       .....                  (no boots)
Stlth    ++........             (no amulet)
Regen    0.0/turn               (no ring)
MPRegen  0.1/turn               (no ring)

@: non-regenerating
A: damage resistance, heal wounds, sense surroundings 1, no regeneration
a: Heal Wounds


You were on level 4 of the Dungeon.
You were not hungry.

You visited 2 branches of the dungeon, and saw 5 of its levels.

You collected 19 gold pieces.

Inventory:

Hand Weapons
 j - a +0 blowgun (weapon)
 m - a +0 mace
Missiles
 i - 12 poisoned needles (quivered)
Armour
 a - a +0 robe
 l - a +0 leather armour (worn)
Scrolls
 k - a scroll of random uselessness {unknown}
 n - a scroll of noise {unknown}
Potions
 e - a potion of agility {unknown}
 f - a potion of brilliance {unknown}
Books
 b - a book of Necromancy

   Spells                             Type                      Level
   a - Pain                           Necromancy                   1
   b - Animate Skeleton               Necromancy                   1
   c - Vampiric Draining              Necromancy                   3
   d - Regeneration                   Charms/Necromancy            3
   e - Animate Dead                   Necromancy                   4
   f - Control Undead                 Necromancy                   4
Comestibles
 c - a bread ration
 d - 3 royal jellies
 g - a meat ration


   Skills:
 - Level 2.1 Dodging
 - Level 2.4 Stealth
 - Level 2.1 Spellcasting
 + Level 5.4 Necromancy


You had 2 spell levels left.
You knew the following spells:

 Your Spells              Type           Power        Failure   Level  Hunger
a - Pain                  Necr           ###.         2%          1    #......
v - Vampiric Draining     Necr           ###.......   9%          3    ###....


Dungeon Overview and Level Annotations

Branches:
Dungeon (4/15)             Temple (1/1) D:4

Altars:
Ashenzari
Elyvilon
Fedhas
Gozag
Nemelex Xobeh
Okawaru
Qazlal
Sif Muna
Vehumet
Xom
Yredelemnul

Annotations:
D:2 1 exclusion


Innate Abilities, Weirdness & Mutations

You are resistant to damage.
You can heal yourself by infusing magical energy.
You passively map a small area around you.
You do not regenerate.


Message History

The poisoned needle closely misses the orc.
The orc wizard points at you and mumbles some strange words.
The puff of flame hits you!
* * * LOW HITPOINT WARNING * * *
Unknown command.
Unknown command.
Unknown command.
Firing (i - inventory):
i - 13 poisoned needles (quivered)
Press: ? - help, Shift-Dir - straight line, f/p - orc wizard
Aim: an orc wizard, wielding a dagger and wearing a robe (almost dead, fast)
You shoot a poisoned needle.
The poisoned needle misses the orc wizard.
The poisoned needle completely misses the orc.
The orc wizard casts a spell.
The orc wizard flickers and vanishes!
Deactivating autopickup; reactivate with Ctrl-A.
You hear some strange, mumbled words.
A puff of flame appears from out of thin air!
The puff of flame hits you!
You die...

* ≈ ∩ ≈≈ ,#.#..##.#.# *
, , ≈ ≈ ≈ #.#..#<...# *
############.#..#..... ,
#..^.(#.#.##.#..#.....
*#....#.#.##....#...##
*,, #(.#.#.#......##.#.#
* #..#o#.######....#.#*
*, #..#{#.............#*
,#....#@####..##....#.#
* *
,##...#.......##.w..#.#*
* *#...#.###...##....# #
,....####........### *
##..## #..#####.# , ,
.... ,#..#####.# *##>#*
#......#.# ...#.####8#.#
# #..#.....>#.#


You could see an orc.

Vanquished Creatures
  2 adders
  An ooze (D:3)
  2 worms (D:4)
  An orc (D:4)
  2 goblins
  A hobgoblin (D:3)
  A quokka (D:3)
  3 frilled lizards
  4 kobolds
17 creatures vanquished.

Notes
Turn   | Place    | Note
-------+----------+-------------------------------------------
     0 | D:1      | letownia2 the Deep Dwarf Necromancer began the quest for the Orb.
     0 | D:1      | Reached XP level 1. HP: 15/15 MP: 3/3
   133 | D:2      | Reached XP level 2. HP: 22/22 MP: 0/5
   212 | D:2      | Found a faded altar of an unknown god.
   527 | D:3      | Reached skill level 5 in Necromancy
   707 | D:3      | Reached XP level 3. HP: 5/28 MP: 3/6
   712 | D:3      | Learned a level 3 spell: Vampiric Draining
   984 | D:4      | Found a staircase to the Ecumenical Temple.
   991 | Temple   | Entered the Ecumenical Temple
  1186 | D:4      | Killed from afar by an orc wizard

Skill      XL: |  1  2 |
---------------+-------+-----
Spellcasting   | 2 |  2.1
Necromancy     | 5 |  5.4
Dodging        | |  2.1
Stealth        | |  2.4

Action                   || total
-------------------------++-------
Melee: Unarmed           ||     2
 Fire: Blowgun           ||     2
Throw: Tomahawk          ||     2
 Cast: Pain              ||    49
       Vampiric Draining ||     6
  Eat: Chunk             ||     2
Armor: Robe              ||     2
       Leather armour    ||     1
Dodge: Dodged            ||    25
